 Dungeon Crawl Stone Soup version 0.23.1 (webtiles) character file.

Game seed: 3148470348991901326

17991 Kniotic the Severer (level 12, 0/113 HPs)
             Began as a Minotaur Berserker on Mar 14, 2019.
             Was the Champion of Trog.
             Slain by a freezing wraith (4 damage)
             ... led by a death knight
             ... on level 11 of the Dungeon.
             The game lasted 00:14:08 (10630 turns).

Kniotic the Severer (Minotaur Berserker)           Turns: 10630, Time: 00:14:08

Health: 0/113      AC: 18    Str: 26    XL:     12   Next: 23%
Magic:  11/11      EV:  8    Int:  6    God:    Trog [******]
Gold:   522        SH:  0    Dex: 11    Spells: 11/11 levels left

rFire    . . .     SeeInvis .   W - +9 battleaxe of Qaamyip {chop, Int+2 Stlth+}
rCold    . . .     Gourm    .   (shield currently unavailable)
rNeg     . . .     Faith    .   K - +0 plate armour
rPois    +         Spirit   .   (helmet restricted)
rElec    .         Reflect  .   F - scarf {cloud immunity}
rCorr    .         Harm     .   H - +0 pair of gloves
MR       .....                  A - +0 pair of boots
Stlth    ..........             q - amulet of magic regeneration
HPRegen  0.28/turn              P - +4 ring of slaying
MPRegen  0.37/turn              j - ring of poison resistance

@: slowed, very slow
A: retaliatory headbutt, horns 2
a: Berserk, Trog's Hand, Brothers in Arms, Renounce Religion


You were on level 11 of the Dungeon.
You worshipped Trog.
Trog was exalted by your worship.
You were not hungry.

You visited 1 branch of the dungeon, and saw 12 of its levels.

You collected 626 gold pieces.
You spent 104 gold pieces at shops.

Inventory:

Hand Weapons
 z - a +1 hand axe of flaming
 W - the +9 battleaxe of Qaamyip (weapon) {chop, Int+2 Stlth+}
   (Trog gifted it to you on level 10 of the Dungeon)

   It inflicts extra damage upon your enemies.
   It affects your intelligence (+2).
   It makes you more stealthy.
Armour
 A - a +0 pair of boots (worn)
 F - a scarf of cloud immunity (worn)
 H - a +0 pair of gloves (worn)
 K - a +0 plate armour (worn)
Jewellery
 d - an uncursed ring of magical power
 j - a ring of poison resistance (right hand)
 q - an amulet of magic regeneration (around neck)
 u - an uncursed ring of protection from fire
 v - an uncursed ring of ice {unknown}
 N - a +4 ring of strength
 P - a +4 ring of slaying (left hand)
 V - an uncursed ring of flight
Wands
 r - a wand of clouds (5)
 y - a wand of paralysis (11)
 U - a wand of flame (16)
Scrolls
 e - a scroll of noise {unknown}
 f - 7 scrolls of remove curse
 h - 2 scrolls of enchant weapon {unknown}
 i - 3 scrolls of fog
 p - 3 scrolls of blinking
 s - 13 scrolls of teleportation
 B - a scroll of identify
 D - a scroll of magic mapping {unknown}
 E - 4 scrolls of fear {unknown}
 G - a scroll of summoning {unknown}
 J - 3 scrolls of amnesia {unknown}
 M - 2 scrolls of immolation {unknown}
 O - 2 scrolls of torment {unknown}
 Q - a scroll of acquirement {unknown}
Potions
 a - 3 potions of brilliance {unknown}
 g - 3 potions of lignification
 k - 2 potions of might {unknown}
 l - 4 potions of curing {unknown}
 m - 3 potions of ambrosia
 n - 2 potions of heal wounds {unknown}
 o - a potion of invisibility {unknown}
 t - 3 potions of resistance
 w - 2 potions of haste
 x - 2 potions of cancellation
 C - a potion of agility {unknown}
 R - a potion of mutation {unknown}
 T - 2 potions of degeneration {unknown}
Comestibles
 b - 8 chunks of flesh
 c - 16 rations


   Skills:
 + Level 12.5 Fighting
 - Level 16.2 Axes
 + Level 12.2 Armour
 - Level 2.1 Dodging


You had 11 spell levels left.
You didn't know any spells.
Your spell library was empty.

Dungeon Overview and Level Annotations

Branches:
Dungeon (12/15)            Temple (0/1) D:5            Lair (0/6) D:11
    Orc (0/2) D:9

Altars:
Elyvilon
Fedhas
Kikubaaqudgha
Makhleb
Qazlal
Ru
Trog
Uskayaw
Xom

Shops:
D:8 *   D:11 :


Innate Abilities, Weirdness & Mutations

You reflexively headbutt those who attack you in melee.
You have a pair of horns on your head.


Message History

The phantasmal warrior blinks!
The death knight hits you with a +0 morningstar!
The freezing wraith hits you but does no damage.
The freezing wraith hits you. The freezing wraith drains your vigour!
You feel as though you will be slow longer.
The howler monkey closely misses you. The yak gores you.
The freezing wraith hits you. The freezing wraith freezes you!!
* * * LOW HITPOINT WARNING * * *
The freezing wraith hits you.
* * * LOW HITPOINT WARNING * * *
The freezing wraith drains your vigour!
You feel as though you will be slow longer.
You climb upwards.
There is a stone staircase leading down here.
The yak gores you but does no damage.
The death knight hits you with a +0 morningstar!
* * * LOW HITPOINT WARNING * * *
The freezing wraith hits you but does no damage.
The freezing wraith hits you.
You die...

############.........#
.....................#
#..#########.........#
#...## #.........#
.....## #.........#
...P..# #.........#
.P....## ##...######
.......# ###...###
.......## #...@W..#
(.>.....#####...Yp..#
(.((.)..##..'...W...#
...........##.......#
P..PP.#.#####.......#
.P....#.# #.......#
.....##.# #.......#
#...###.# ######'##
##.##.### #.#


You could see a death knight, 2 freezing wraiths and a yak.

Vanquished Creatures
  Erica (D:8)
  3 two-headed ogres
  The ghost of Marnok the Cudgeler, a novice OgBe of Trog (D:5)
  An unseen horror (D:11)
  An ugly thing (D:11)
  Maurice (D:8)
  An elephant (D:11)
  A cyclops (D:11)
  A centaur zombie (D:10)
  The ghost of domsik the Thaumaturge, a novice DEFE of Vehumet (D:6)
  Joseph (D:8)
  A kobold demonologist (D:8)
  A queen bee (D:8)
  A hornet (D:8)
  3 trolls
  A hippogriff (D:11)
  Sigmund (D:2)
  2 wyverns
  A wraith (D:6)
  2 basilisks (D:11)
  6 yaks (D:10)
  2 hungry ghosts
  A warg (D:9)
  A water moccasin (D:11)
  6 orc warriors
  2 hornet zombies
  2 ice beasts
  2 sky beasts
  5 black bears
  4 ogres
  7 phantoms
  An eye of draining (D:11)
  10 centaurs
  A crocodile (D:10)
  12 big kobolds
  5 bullfrogs
  A wyvern zombie (D:6)
  4 scorpions
  16 killer bees (D:8)
  16 wights
  5 howler monkeys
  4 electric eels (D:9)
  7 crimson imps
  4 bullfrog zombies
  7 hounds
  A quasit (D:8)
  A water moccasin simulacrum (D:6)
  4 orc priests
  3 jellies
  12 orc wizards
  Jessica (D:2)
  2 bullfrog skeletons (D:8)
  3 iguanas
  Terence (D:2)
  5 worker ants
  A hound zombie (D:5)
  A hound skeleton (D:5)
  A mummy (D:6)
  4 worker ant zombies
  3 gnolls (D:6)
  9 adders
  7 shadow imps
  2 oozes
  6 adder skeletons
  An adder zombie (D:5)
  3 worms
  A dart slug (D:1)
  5 leopard geckos
  46 orcs
  2 ball pythons (D:7)
  5 giant cockroaches
  6 goblins
  9 hobgoblins
  8 jackals
  4 quokkas
  10 bats
  5 frilled lizards
  42 kobolds
  10 kobold skeletons (D:8)
  8 kobold zombies (D:8)
  A leopard gecko skeleton (D:4)
  A leopard gecko zombie (D:6)
  A quokka zombie (D:8)
  6 rats
398 creatures vanquished.

Vanquished Creatures (others)
  7 plants
7 creatures vanquished.

Grand Total: 405 creatures vanquished

Notes
Turn   | Place    | Note
-------+----------+-------------------------------------------
     0 | D:1      | Kniotic the Minotaur Berserker began the quest for the Orb.
     0 | D:1      | Reached XP level 1. HP: 19/19 MP: 0/0
   101 | D:1      | Reached skill level 4 in Axes
   256 | D:1      | Reached XP level 2. HP: 26/26 MP: 1/1
   409 | D:1      | Found a blossoming altar of Fedhas.
   411 | D:1      | Found a sacrificial altar of Ru.
   411 | D:1      | Found a shadowy altar of Dithmenos.
   416 | D:1      | Found an ancient bone altar of Kikubaaqudgha.
   416 | D:1      | Found a burning altar of Makhleb.
   416 | D:1      | Found a shimmering altar of Xom.
   543 | D:1      | Reached skill level 5 in Axes
   669 | D:2      | Reached XP level 3. HP: 23/31 MP: 2/2
   851 | D:2      | Noticed Jessica
   855 | D:2      | Killed Jessica
   922 | D:2      | Reached skill level 6 in Axes
   922 | D:2      | Reached XP level 4. HP: 39/39 MP: 3/3
   937 | D:2      | Reached ** piety under Trog
  1028 | D:2      | Noticed Sigmund
  1035 | D:2      | Killed Sigmund
  1035 | D:2      | Reached skill level 7 in Axes
  1035 | D:2      | Reached XP level 5. HP: 18/45 MP: 4/4
  1171 | D:2      | Reached skill level 8 in Axes
  1346 | D:2      | Noticed Terence
  1357 | D:2      | Killed Terence
  1357 | D:2      | Reached XP level 6. HP: 39/51 MP: 5/5
  1988 | D:3      | Reached skill level 9 in Axes
  2594 | D:4      | Noticed a sky beast
  2603 | D:4      | Killed a sky beast
  2603 | D:4      | Reached XP level 7. HP: 31/57 MP: 6/6
  2771 | D:4      | Reached *** piety under Trog
  2775 | D:4      | Reached skill level 10 in Axes
  3017 | D:5      | Entered Level 5 of the Dungeon
  3210 | D:5      | Found a staircase to the Ecumenical Temple.
  3212 | D:5      | Reached skill level 11 in Axes
  3230 | D:5      | Reached XP level 8. HP: 8/64 MP: 7/7
  3675 | D:5      | Reached skill level 12 in Axes
  3733 | D:5      | Found a stormy altar of Qazlal.
  3934 | D:5      | Found a runed translucent gate.
  3935 | D:5      | Found a runed translucent gate.
  3935 | D:5      | Noticed Marnok's ghost (novice OgBe)
  3936 | D:5      | Found a runed translucent gate.
  4053 | D:5      | Killed Marnok's ghost
  4053 | D:5      | Reached skill level 13 in Axes
  4062 | D:5      | Reached XP level 9. HP: 66/70 MP: 8/8
  4311 | D:6      | Found a white marble altar of Elyvilon.
  4363 | D:6      | Reached skill level 14 in Axes
  4429 | D:6      | Reached **** piety under Trog
  4429 | D:6      | Received a gift from Trog
  4731 | D:6      | Found a transporter.
  4733 | D:6      | Found a transporter.
  4733 | D:6      | Noticed domsik's ghost (novice DEFE)
  4794 | D:6      | Found a stormy altar of Qazlal.
  5174 | D:6      | Killed domsik's ghost
  5174 | D:6      | Reached skill level 15 in Axes
  5558 | D:7      | Reached skill level 16 in Axes
  5947 | D:7      | Reached XP level 10. HP: 56/78 MP: 9/9
  6119 | D:7      | Reached ***** piety under Trog
  6396 | D:8      | Reached skill level 5 in Fighting
  6423 | D:8      | Reached skill level 5 in Armour
  6673 | D:8      | Noticed Erica
  6680 | D:8      | Found Joguni's General Store.
  6687 | D:8      | Killed Erica
  6731 | D:8      | Bought a scroll of teleportation for 39 gold pieces
  6731 | D:8      | Bought a scroll of teleportation for 39 gold pieces
  6731 | D:8      | Bought a scroll of identify for 26 gold pieces
  6860 | D:8      | Received a gift from Trog
  6866 | D:8      | Noticed Maurice
  6883 | D:8      | Killed Maurice
  6923 | D:8      | Found an ancient bone altar of Kikubaaqudgha.
  6929 | D:8      | Reached XP level 11. HP: 95/95 MP: 10/10
  6937 | D:8      | Received a gift from Trog
  7069 | D:8      | Noticed Joseph
  7079 | D:8      | Killed Joseph
  7176 | D:8      | Found a bloodstained altar of Trog.
  7436 | D:9      | Found a hide-covered altar of Uskayaw.
  7483 | D:9      | Found a shimmering altar of Xom.
  8425 | D:9      | Found a staircase to the Orcish Mines.
  8878 | D:9      | Reached skill level 10 in Fighting
  9046 | D:10     | Entered Level 10 of the Dungeon
  9363 | D:10     | Reached skill level 10 in Armour
  9485 | D:10     | Noticed a two-headed ogre
  9490 | D:10     | Killed a two-headed ogre
  9661 | D:10     | Noticed a two-headed ogre
  9665 | D:10     | Killed a two-headed ogre
  9696 | D:10     | Received a gift from Trog
  9697 | D:10     | Got a shimmering battleaxe {god gift}
  9698 | D:10     | Identified the +9 battleaxe of Qaamyip {chop, Int+2 Stlth+}
                  | (Trog gifted it to you on level 10 of the Dungeon)
 10035 | D:11     | Found Amote's Book Shoppe.
 10143 | D:11     | Found a staircase to the Lair.
 10153 | D:11     | Reached XP level 12. HP: 78/112 MP: 11/11
 10375 | D:11     | Noticed a two-headed ogre
 10380 | D:11     | Killed a two-headed ogre
 10412 | D:11     | Reached ****** piety under Trog
 10622 | D:12     | Noticed a death knight
 10630 | D:11     | HP: 4/113 [death knight/+0 morningstar (10)]
 10630 | D:11     | Slain by a freezing wraith

Skill      XL: |  1  2  3  4  5  6  7  8  9 10 11 12 |
---------------+-------------------------------------+-----
Axes           | 4 5 6 7 8 9 11 13 16 | 16.2
Fighting       | 4 8 11 12 | 12.5
Armour         | 8 11 12 | 12.2
Dodging        | |  2.1

Action                   |  1- 3 |  4- 6 |  7- 9 | 10-12 || total
-------------------------+-------+-------+-------+-------++-------
Melee: Hand axe          |    49 |   130 |   261 |   124 ||   564
       Headbutt          |     9 |    13 |    47 |    90 ||   159
       Battleaxe         |       |       |       |   136 ||   136
       Broad axe         |       |       |       |   260 ||   260
Invok: Berserk           |     1 |     2 |     7 |     5 ||    15
  Use: Scroll            |       |       |     6 |     4 ||    10
  Eat: Chunk             |     1 |     7 |    10 |    21 ||    39
       Ration            |       |       |     2 |     1 ||     3
Armor: Animal skin       |    14 |    25 |    40 |       ||    79
       Plate armour      |       |       |     7 |   318 ||   325
Dodge: Dodged            |    39 |    49 |    97 |   159 ||   344
